[Event "Titled Tuesday Blitz June 15 2021"]
[White "Jumabayev, Rinat"]
[Black "Kim, Sergey"]
[WhiteFideId "13702661"]
[BlackFideId "13700570"]
[WhiteElo "2535"]
[BlackElo "2477"]
[Result "1-0"]
[Round "03"]
[TimeControl "180+1"]
[Date "2021.06.15"]
[WhiteClock "0:00:12"]
[BlackClock "0:00:01"]

1. d4 Nf6 2. Bf4 g6 3. Nc3 d6 4. e4 c6 5. Nf3 Bg7 6. Qd2 b5 7. Bd3 a6 8. a4 Bb7 9. h3 O-O 10. Qe3 b4 11. Ne2 Nbd7 12. O-O c5 13. c3 a5 14. Rfd1 Qb6 15. Ng3 Rfe8 16. Bb5 Bc6 17. Bxc6 Qxc6 18. d5 Qb7 19. Nd2 Nb6 20. Qd3 Qd7 21. Qc2 Rac8 22. Be3 e6 23. cxb4 cxb4 24. Qd3 Rb8 25. dxe6 Qxe6 26. Bxb6 Rxb6 27. Nc4 Rc6 28. Nxa5 Rc5 29. Nb3 Rcc8 30. Nd4 1-0


[Site "https://www.chess.com"]

[Event "Titled Tuesday Blitz June 15 2021"]
[White "Kalajzic, Ivan"]
[Black "Erdogdu, Mert"]
[WhiteFideId "14506378"]
[BlackFideId "6301495"]
[WhiteElo "2163"]
[BlackElo "2485"]
[Result "0-1"]
[Round "03"]
[TimeControl "180+1"]
[Date "2021.06.15"]
[WhiteClock "0:00:52"]
[BlackClock "0:01:57"]

1. b3 g6 2. Bb2 Nf6 3. Bxf6 exf6 4. c4 f5 5. Nc3 d6 6. g3 h5 7. h4 Bh6 8. e3 Nd7 9. Bg2 Nf6 10. Nge2 Ng4 11. Nf4 O-O 12. Qe2 Re8 13. O-O-O c6 14. f3 Nf6 15. Rhe1 Qa5 16. d4 Qxc3+ 17. Qc2 Qxc2+ 18. Kxc2 a5 19. a3 Bd7 20. Kd3 Bf8 21. e4 fxe4+ 22. fxe4 Ng4 23. Rf1 Bh6 24. Rf3 Re7 25. Rdf1 Rae8 26. Nh3 Nh2 27. Ng5 Bxg5 28. hxg5 Nxf3 29. Bxf3 Bg4 30. Bg2 Kg7 31. d5 c5 32. Rf6 Rd8 33. b4 axb4 34. axb4 b6 35. e5 Rxe5 36. bxc5 bxc5 37. Be4 Rxg5 0-1


[Site "https://www.chess.com"]

[Event "Titled Tuesday Blitz June 15 2021"]
[White "Khanin, Semen"]
[Black "Flores Quillas, Diego Saul Rodri"]
[WhiteFideId "4111990"]
[BlackFideId "3822508"]
[WhiteElo "2521"]
[BlackElo "2071"]
[Result "1-0"]
[Round "03"]
[TimeControl "180+1"]
[Date "2021.06.15"]
[WhiteClock "0:00:20"]
[BlackClock "0:00:02"]

1. e4 c5 2. Nf3 e6 3. d4 cxd4 4. Nxd4 Nf6 5. Nc3 d6 6. Be3 a6 7. f3 Be7 8. Qd2 O-O 9. O-O-O Nc6 10. g4 Nd7 11. h4 Nde5 12. Be2 Nxd4 13. Qxd4 b5 14. g5 Nc6 15. Qd2 Qa5 16. h5 b4 17. Nb1 Qxa2 18. Rdg1 Bd7 19. f4 Rfc8 20. g6 Na5 21. gxh7+ Kxh7 22. h6 Nb3+ 23. Kd1 Qxb1+ 24. Qc1 Qxc1+ 25. Bxc1 g6 26. cxb3 a5 27. Bc4 a4 28. f5 exf5 29. Bxf7 Be8 30. Bxe8 Rxe8 31. exf5 gxf5 32. Bd2 Bf6 33. Bxb4 axb3 34. Ba3 Rac8 35. Rh3 Re4 36. Rxb3 Rd4+ 37. Ke2 Re8+ 38. Kf3 Kxh6 39. Bb4 Bg5 40. Kf2 Rf4+ 41. Kg2 Rg4+ 42. Kf1 1-0


[Site "https://www.chess.com"]

[Event "Titled Tuesday Blitz June 15 2021"]
[White "Kovalev, Vladislav"]
[Black "Leiva, Gianmarco"]
[WhiteFideId "13504398"]
[BlackFideId "3804399"]
[WhiteElo "2573"]
[BlackElo "2365"]
[Result "1-0"]
[Round "03"]
[TimeControl "180+1"]
[Date "2021.06.15"]
[WhiteClock "0:00:25"]
[BlackClock "0:00:02"]

1. e4 c6 2. Nf3 d5 3. Nc3 dxe4 4. Nxe4 Nf6 5. Qe2 Nxe4 6. Qxe4 Qd5 7. Qh4 Bf5 8. Bc4 Qd8 9. O-O e6 10. Qxd8+ Kxd8 11. d3 Nd7 12. a4 Bd6 13. a5 Kc7 14. Re1 h6 15. Bd2 Rhe8 16. b4 a6 17. Be3 Bxb4 18. Reb1 Bd6 19. Ra2 Re7 20. Rab2 e5 21. Rxb7+ Kc8 22. Nd2 Be6 23. Ra7 Rxa7 24. Bxa7 Bxc4 25. Nxc4 Bc7 26. Kf1 e4 27. d4 f5 28. Bb6 Bxb6 29. axb6 Nb8 30. Nd6+ Kd7 31. Nxf5 Ke6 32. Ne3 Rd7 33. c3 Rb7 34. c4 Rd7 35. d5+ cxd5 36. cxd5+ Kd6 37. Rb4 Kc5 38. Rxe4 Kxb6 39. Re6+ Kc5 40. Ke2 a5 41. Kd3 a4 42. Kc3 a3 43. Kb3 Ra7 44. Ka2 Kd4 45. d6 Nc6 46. d7 Nb4+ 47. Kb3 Rxd7 48. Kxb4 Ra7 49. Nc2+ Kd5 50. Re1 a2 51. Kc3 1-0


[Site "https://www.chess.com"]

[Event "Titled Tuesday Blitz June 15 2021"]
[White "Kretov, Evgenij"]
[Black "Le, Tuan Minh"]
[WhiteFideId "4167821"]
[BlackFideId "12401153"]
[WhiteElo "2400"]
[BlackElo "2450"]
[Result "1-0"]
[Round "03"]
[TimeControl "180+1"]
[Date "2021.06.15"]
[WhiteClock "0:01:42"]
[BlackClock "0:01:53"]

1. d4 d5 2. c4 c6 3. Nc3 Nf6 4. e3 a6 5. Nf3 Bf5 6. Bd3 Bg6 7. O-O e6 8. Re1 Nbd7 9. e4 dxe4 10. Nxe4 Be7 11. h3 O-O 12. Bf4 Nxe4 13. Bxe4 Nf6 14. Bxg6 hxg6 15. Ne5 Bd6 16. Qb3 Rb8 17. Rad1 Re8 18. Bg5 Qc7 19. Rd3 c5 20. Bxf6 gxf6 21. Ng4 Qe7 22. dxc5 Bxc5 23. Rd7 Qf8 24. Nxf6+ Kg7 25. Qc3 Red8 26. Rxd8 Qxd8 27. Nh5+ 1-0


[Site "https://www.chess.com"]

[Event "Titled Tuesday Blitz June 15 2021"]
[White "Kukhmazov, Arsen"]
[Black "Altman, Joshua"]
[WhiteFideId "24108260"]
[BlackFideId "426210"]
[WhiteElo "2453"]
[BlackElo "1932"]
[Result "1-0"]
[Round "03"]
[TimeControl "180+1"]
[Date "2021.06.15"]
[WhiteClock "0:01:35"]
[BlackClock "0:00:40"]

1. d4 Nf6 2. c4 e6 3. Nc3 Bb4 4. Qc2 O-O 5. e4 d6 6. e5 dxe5 7. dxe5 Ng4 8. Nf3 Nc6 9. Bf4 Nd4 10. Qe4 c5 11. h3 f5 12. Qd3 Nh6 13. Bxh6 gxh6 14. O-O-O Qa5 15. Nxd4 cxd4 16. Qxd4 Bxc3 17. Qxc3 Qxa2 18. Bd3 Bd7 19. Bb1 Qa4 20. Rd6 Rac8 21. b3 Qa3+ 22. Qb2 Qxb2+ 23. Kxb2 Bc6 24. Rxe6 Rce8 25. Rxe8 Rxe8 26. f4 Kf7 27. Rd1 Re7 28. Bxf5 Bxg2 29. Rd6 h5 30. Rh6 1-0


[Site "https://www.chess.com"]

[Event "Titled Tuesday Blitz June 15 2021"]
[White "Lazavik, Denis"]
[Black "Araujo Sanchez, Josue"]
[WhiteFideId "13515110"]
[BlackFideId "6416896"]
[WhiteElo "2436"]
[BlackElo "2140"]
[Result "1/2-1/2"]
[Round "03"]
[TimeControl "180+1"]
[Date "2021.06.15"]
[WhiteClock "0:00:08"]
[BlackClock "0:00:10"]

1. d4 Nf6 2. c4 e6 3. Nf3 b6 4. g3 Ba6 5. b3 Bb7 6. Bg2 a5 7. a3 d5 8. Nc3 Be7 9. O-O O-O 10. Bf4 Nbd7 11. Qc2 c6 12. e4 dxe4 13. Nxe4 Nxe4 14. Qxe4 Nf6 15. Qe2 c5 16. Rad1 cxd4 17. Nxd4 Bxg2 18. Kxg2 Qe8 19. Nb5 a4 20. b4 Rc8 21. Rd4 Qc6+ 22. Qf3 Qxf3+ 23. Kxf3 Rfd8 24. Rfd1 Rxd4 25. Rxd4 Ne8 26. Na7 Rd8 27. Rxd8 Bxd8 28. Ke4 Kf8 29. Nc6 Bf6 30. Be5 h5 31. f4 h4 32. g4 h3 33. g5 Be7 34. Kd4 f6 35. gxf6 gxf6 36. Bb8 Bd6 37. Bxd6+ Nxd6 38. c5 Nb5+ 39. Kd3 bxc5 40. bxc5 Nxa3 41. Nd4 Ke7 42. Kc3 e5 43. fxe5 fxe5 44. Nf5+ Ke6 45. Ne3 e4 46. Kb4 Nb1 47. Kxa4 Nd2 48. Kb4 Nf3 49. Nf1 Kd5 50. Kb5 Nd4+ 51. Kb6 Kc4 52. Ng3 e3 53. c6 Nxc6 54. Kxc6 Kd3 55. Kd5 e2 56. Nxe2 Kxe2 57. Ke4 Kf2 58. Kd3 Kf3 59. Kd2 Kf2 60. Kd3 Kg2 61. Ke2 Kg1 62. Ke1 Kg2 63. Ke2 Kg1 64. Ke1 Kxh2 65. Kf2 Kh1 66. Kf1 h2 67. Kf2 1/2-1/2


[Site "https://www.chess.com"]

[Event "Titled Tuesday Blitz June 15 2021"]
[White "Levine, Joseph"]
[Black "Shipov, Sergei"]
[WhiteFideId "30940346"]
[BlackFideId "4113624"]
[WhiteElo "1785"]
[BlackElo "2772"]
[Result "0-1"]
[Round "03"]
[TimeControl "180+1"]
[Date "2021.06.15"]
[WhiteClock "0:01:24"]
[BlackClock "0:00:27"]

1. e4 e6 2. d3 d5 3. Nd2 c5 4. Ngf3 Nc6 5. g3 Bd6 6. Bg2 Nge7 7. O-O O-O 8. Re1 Qc7 9. Qe2 f6 10. Nf1 Bd7 11. h4 Rae8 12. h5 b5 13. N1h2 a5 14. h6 g5 15. Ng4 Ng6 16. e5 Ncxe5 17. Nfxe5 Nxe5 18. Nxe5 Bxe5 19. Bxg5 Bxb2 20. Bc1 Bxc1 21. Raxc1 Kh8 22. Qg4 Rg8 23. Qh4 Qd8 24. d4 c4 25. Bh3 Qe7 26. Re3 Qf7 27. Rf3 Rg6 28. Bg4 Qf8 29. Bh5 Rxh6 30. Qg4 Re7 31. Re1 Rg7 32. Qh4 Rg5 33. Re5 Rhxh5 34. Rxg5 Rxh4 35. gxh4 Qh6 36. Rgg3 Be8 37. Rf4 Qxf4 0-1


[Site "https://www.chess.com"]

[Event "Titled Tuesday Blitz June 15 2021"]
[White "Liyanage, Ranindu Dilshan"]
[Black "Lehtosaari, Mauri"]
[WhiteFideId "9915834"]
[BlackFideId "501999"]
[WhiteElo "1839"]
[BlackElo "2460"]
[Result "1-0"]
[Round "03"]
[TimeControl "180+1"]
[Date "2021.06.15"]
[WhiteClock "0:00:19"]
[BlackClock "0:00:02"]

1. e4 c5 2. Nf3 e6 3. d4 cxd4 4. Bg5 Qb6 5. Nbd2 Qxb2 6. Bd3 h6 7. Bf4 Nc6 8. O-O Qb4 9. Nc4 Qc5 10. Rb1 Nf6 11. Bg3 d5 12. Rb5 Qe7 13. Nd6+ Kd8 14. Re1 Qd7 15. Nxc8 Rxc8 16. exd5 Nxd5 17. Rb3 Be7 18. Bb5 Nc3 19. Qd3 Nxb5 20. Rxb5 a6 21. Rb2 Ke8 22. a4 Kf8 23. Reb1 Na5 24. Nxd4 Bf6 25. Qa3+ Be7 26. Qd3 Bf6 27. Rb4 Kg8 28. Qe4 Bxd4 29. Rxd4 Qc6 30. Qd3 g6 31. Be5 1-0


[Site "https://www.chess.com"]

[Event "Titled Tuesday Blitz June 15 2021"]
[White "Maevsky, Nikolay"]
[Black "Henderson de La Fuente, Lance"]
[WhiteFideId "4198220"]
[BlackFideId "32096585"]
[WhiteElo "2164"]
[BlackElo "2280"]
[Result "0-1"]
[Round "03"]
[TimeControl "180+1"]
[Date "2021.06.15"]
[WhiteClock "0:00:13"]
[BlackClock "0:01:41"]

1. d4 Nf6 2. Nf3 e6 3. e3 c6 4. Bd3 d5 5. O-O Bd6 6. b3 O-O 7. Bb2 b6 8. Nbd2 Bb7 9. Ne5 Nbd7 10. f4 c5 11. Qf3 Qc7 12. Qh3 g6 13. Ndf3 cxd4 14. exd4 Ne4 15. c4 Rae8 16. Rae1 f6 17. Nxd7 Qxd7 18. cxd5 f5 19. dxe6 Rxe6 20. Bc4 Rf7 21. Bxe6 Qxe6 22. Ng5 Nxg5 23. Rxe6 Nxh3+ 24. gxh3 Rd7 25. Re8+ Kf7 26. Rh8 Ke6 27. d5+ Bxd5 28. Re1+ Be4 29. Rd1 Bc5+ 30. Kf1 Rxd1+ 31. Ke2 Rg1 32. Be5 Rg2+ 33. Kd1 Be3 34. Rxh7 Bd3 35. Ke1 Rg1# 0-1


[Site "https://www.chess.com"]

[Event "Titled Tuesday Blitz June 15 2021"]
[White "Mammadova, Gulnar"]
[Black "Dobrov, Vladimir"]
[WhiteFideId "13403508"]
[BlackFideId "4136594"]
[WhiteElo "2328"]
[BlackElo "2614"]
[Result "0-1"]
[Round "03"]
[TimeControl "180+1"]
[Date "2021.06.15"]
[WhiteClock "0:00:05"]
[BlackClock "0:01:04"]

1. e4 c5 2. Nf3 d6 3. Bb5+ Bd7 4. c4 e5 5. Nc3 Nc6 6. O-O Nge7 7. d3 Ng6 8. Nd5 Be7 9. Bxc6 bxc6 10. Nxe7 Qxe7 11. Bg5 f6 12. Bd2 O-O 13. h3 f5 14. b4 cxb4 15. Bxb4 c5 16. Bc3 Nf4 17. Kh2 Bc6 18. Qc2 Nxd3 19. exf5 e4 20. Ne1 Ne5 21. g4 Nxg4+ 22. hxg4 Qh4+ 23. Kg1 Qxg4+ 24. Ng2 Rxf5 25. Qd1 Rf3 26. Re1 Raf8 27. Re3 Qg6 28. Kh1 Rxf2 29. Qg1 Qh5+ 30. Qh2 Rf1+ 0-1


[Site "https://www.chess.com"]

[Event "Titled Tuesday Blitz June 15 2021"]
[White "Manukyan, Sargis A."]
[Black "Kollars, Dmitrij"]
[WhiteFideId "13303970"]
[BlackFideId "12909572"]
[WhiteElo "2187"]
[BlackElo "2576"]
[Result "0-1"]
[Round "03"]
[TimeControl "180+1"]
[Date "2021.06.15"]
[WhiteClock "0:00:24"]
[BlackClock "0:01:34"]

1. d4 Nf6 2. c4 e6 3. Nc3 Bb4 4. e3 O-O 5. Ne2 c6 6. Qc2 d5 7. a3 Bd6 8. e4 dxe4 9. Nxe4 Nxe4 10. Qxe4 Nd7 11. Ng3 e5 12. Bd3 Nf6 13. Qh4 e4 14. Bc2 Bxg3 15. hxg3 Qxd4 16. Bg5 Bf5 17. Bxf6 Qxf6 18. Qxf6 gxf6 19. O-O-O Rad8 20. c5 Rd5 21. Rxd5 cxd5 22. Rd1 Be6 23. b4 f5 24. Bb3 Rd8 25. Rd4 Kg7 26. Kd2 Kf6 27. Ke3 h5 28. Kf4 Rg8 29. b5 Rg4+ 30. Ke3 Ke5 31. c6 bxc6 32. bxc6 Rg8 33. f4+ Kd6 34. Ra4 Rxg3+ 35. Kd4 Rd3# 0-1


[Site "https://www.chess.com"]

[Event "Titled Tuesday Blitz June 15 2021"]
[White "Matlakov, Maxim"]
[Black "Bronstein, Or"]
[WhiteFideId "4168003"]
[BlackFideId "2815770"]
[WhiteElo "2760"]
[BlackElo "2234"]
[Result "1-0"]
[Round "03"]
[TimeControl "180+1"]
[Date "2021.06.15"]
[WhiteClock "0:00:35"]
[BlackClock "0:00:10"]

1. e4 e6 2. d4 d5 3. e5 c5 4. c3 Nc6 5. Nf3 Bd7 6. Be2 cxd4 7. cxd4 Nge7 8. O-O Nf5 9. Na3 Qb6 10. Nc2 Na5 11. Ne3 Nxe3 12. Bxe3 Be7 13. b3 Bb5 14. Bxb5+ Qxb5 15. Ng5 h6 16. Qh5 O-O 17. Nh3 Qd3 18. Nf4 Qe4 19. Rac1 Rac8 20. Ne2 Ba3 21. Rxc8 Rxc8 22. Ng3 Qd3 23. Qg4 Qg6 24. Qe2 a6 25. h4 Rc2 26. Qf3 Nc6 27. h5 Qd3 28. Qg4 Kf8 29. Rd1 Qh7 30. Ra1 Bb2 31. Rd1 Ba3 32. Ne2 Rxa2 33. Nc3 Rc2 34. Nxd5 Nb4 35. Nxb4 Bxb4 36. d5 Be7 37. dxe6 fxe6 38. Qxe6 Qe4 39. Rd7 Qb4 40. Qf5+ Ke8 41. Rxe7+ 1-0


[Site "https://www.chess.com"]

[Event "Titled Tuesday Blitz June 15 2021"]
[White "Maze, Sebastien"]
[Black "Moskalenko, Alexander"]
[WhiteFideId "613762"]
[BlackFideId "4155351"]
[WhiteElo "2462"]
[BlackElo "2495"]
[Result "0-1"]
[Round "03"]
[TimeControl "180+1"]
[Date "2021.06.15"]
[WhiteClock "0:00:01"]
[BlackClock "0:00:23"]

1. e4 d6 2. d4 Nf6 3. Nc3 e5 4. Nf3 Nbd7 5. Bc4 Be7 6. a4 O-O 7. O-O a6 8. Re1 b6 9. b3 Bb7 10. Bb2 c6 11. Bd3 Qc7 12. Ne2 Rfe8 13. Ng3 Bf8 14. c4 g6 15. Qd2 a5 16. Bc2 Rad8 17. Rad1 Bg7 18. h4 h5 19. Qc1 c5 20. dxe5 Nxe5 21. Ng5 Re7 22. Nf1 Rde8 23. Ne3 Nfg4 24. Nxg4 hxg4 25. f4 gxf3 26. Nxf3 Nxf3+ 27. gxf3 Bxb2 28. Qxb2 d5 29. Kg2 dxe4 30. Bxe4 Bxe4 31. Rxe4 Rxe4 32. fxe4 Qf4 33. Rd3 Qxe4+ 34. Rf3 Qxh4 35. Qd2 Qg4+ 36. Kf2 Qh4+ 37. Kg2 Rd8 38. Qe3 Qg4+ 39. Kf2 Qd4 40. Qxd4 cxd4 41. Rf6 d3 42. Ke1 d2+ 43. Kd1 g5 44. Rxb6 g4 45. Rf6 Kg7 46. Rf4 f5 47. Rxf5 Kg6 48. Rf2 Kg5 49. Rxd2 Rb8 50. Kc2 g3 51. Kc3 Kf4 52. Rd7 g2 53. Rf7+ Kg3 54. Rg7+ Kf2 55. Rf7+ Kg1 56. c5 Rb4 57. Rg7 Kf2 58. c6 Rb6 59. c7 Rc6+ 60. Kd4 Rxc7 61. Rxc7 g1=Q 62. Rc3 Ke2+ 63. Kc4 Qb6 64. Kd5 Kd2 65. Rc5 Qxb3+ 66. Kc6 Qxa4+ 67. Kb6 Qd4 68. Kb5 Qb4+ 69. Kc6 a4 0-1


[Site "https://www.chess.com"]

[Event "Titled Tuesday Blitz June 15 2021"]
[White "Mekhitarian, Krikor Sevag"]
[Black "Kislov, Oleg"]
[WhiteFideId "2107660"]
[BlackFideId "13503774"]
[WhiteElo "2598"]
[BlackElo "2252"]
[Result "1-0"]
[Round "03"]
[TimeControl "180+1"]
[Date "2021.06.15"]
[WhiteClock "0:00:24"]
[BlackClock "0:00:39"]

1. e4 e6 2. d4 d5 3. Nd2 Nf6 4. e5 Nfd7 5. Ngf3 c5 6. c3 Nc6 7. Bd3 cxd4 8. cxd4 Qb6 9. O-O Nxd4 10. Nxd4 Qxd4 11. Nf3 Qb6 12. Qc2 Nc5 13. Be3 Bd7 14. Rfc1 Rc8 15. a3 Qb3 16. Qxb3 Nxb3 17. Rxc8+ Bxc8 18. Rd1 b6 19. Bc2 Nc5 20. Rc1 Bd7 21. b4 Nb7 22. Bd3 Kd8 23. Ba6 Bc8 24. Nd4 f6 25. Nc6+ Kc7 26. Nxa7+ Kb8 27. Nxc8 fxe5 28. Nxb6 d4 29. Nd7+ Ka7 30. Bxb7 Kxb7 31. Nxf8 Rxf8 32. Bd2 Ra8 33. Ra1 Kc6 34. a4 Kd5 35. Kf1 Kc4 36. b5 e4 37. b6 Kd3 38. Ke1 e3 39. fxe3 dxe3 40. Ra3+ Kc2 41. Rxe3 Rxa4 42. Rxe6 Ra1+ 43. Ke2 Rb1 44. Rc6+ 1-0


[Site "https://www.chess.com"]

[Event "Titled Tuesday Blitz June 15 2021"]
[White "Mikhailovsky, Vladimir"]
[Black "Davtyan, David Arm."]
[WhiteFideId "34105414"]
[BlackFideId "13310046"]
[WhiteElo "2314"]
[BlackElo "2028"]
[Result "0-1"]
[Round "03"]
[TimeControl "180+1"]
[Date "2021.06.15"]
[WhiteClock "0:00:04"]
[BlackClock "0:00:05"]

1. e4 c5 2. Nf3 Nc6 3. Nc3 Nf6 4. e5 Ng4 5. Qe2 Qc7 6. Nb5 Qb8 7. d4 cxd4 8. Bf4 a6 9. Nbxd4 e6 10. O-O-O Bc5 11. h3 Nf6 12. Nxc6 bxc6 13. Qc4 Nh5 14. Qxc5 Nxf4 15. Nd2 Qa7 16. Qa3 c5 17. Ne4 O-O 18. Qxc5 Ng6 19. Qxa7 Rxa7 20. Nd6 Nxe5 21. Be2 Bb7 22. Nxb7 Rxb7 23. f4 Ng6 24. Bxa6 Ra7 25. Bc4 d5 26. Bb3 Nxf4 27. Rd2 h5 28. g3 Ng6 29. Re1 Rc8 30. Kb1 h4 31. Re3 hxg3 32. Rxg3 Ne5 33. Rdg2 g6 34. Rf2 Kf8 35. h4 Ke7 36. Rg5 Nc6 37. h5 gxh5 38. Rxh5 Nd4 39. Rh7 Rf8 40. Rh4 Nf5 41. Rhf4 Nd6 42. R4f3 f5 43. Re2 Kf6 44. Rfe3 Ne4 45. c3 f4 46. Rf3 Ke5 47. Bc2 Rg7 48. Rf1 f3 49. Re3 f2 50. Re2 Rg1 0-1


[Site "https://www.chess.com"]

[Event "Titled Tuesday Blitz June 15 2021"]
[White "Mikhalsky, Vladimir"]
[Black "Shahaliyev, Ismayil"]
[WhiteFideId "14144352"]
[BlackFideId "13406388"]
[WhiteElo "2280"]
[BlackElo "2105"]
[Result "0-1"]
[Round "03"]
[TimeControl "180+1"]
[Date "2021.06.15"]
[WhiteClock "0:00:24"]
[BlackClock "0:00:30"]

1. d4 Nf6 2. c4 c6 3. d5 b5 4. Nc3 b4 5. Na4 cxd5 6. cxd5 Qa5 7. d6 exd6 8. Nf3 Nc6 9. Bg5 Ne4 10. Bd2 Ba6 11. e3 Bxf1 12. Kxf1 Qb5+ 13. Kg1 Nc5 14. b3 Be7 15. Nb2 Ne5 16. Nd4 Qb7 17. f4 Nc6 18. Nf5 O-O 19. Nc4 Ne4 20. Bc1 Bf6 21. Ncxd6 Nxd6 22. Nxd6 Qa6 23. Rb1 Qxa2 24. Bd2 Bc3 25. Bxc3 bxc3 26. Ra1 c2 27. Rxa2 cxd1=Q+ 28. Kf2 Qxd6 0-1


[Site "https://www.chess.com"]

[Event "Titled Tuesday Blitz June 15 2021"]
[White "Mikhnenko, Alexander"]
[Black "Demchenko, Anton"]
[WhiteFideId "34143014"]
[BlackFideId "4160258"]
[WhiteElo "2183"]
[BlackElo "2593"]
[Result "0-1"]
[Round "03"]
[TimeControl "180+1"]
[Date "2021.06.15"]
[WhiteClock "0:00:57"]
[BlackClock "0:01:46"]

1. e4 e6 2. d4 d5 3. Nc3 Nf6 4. e5 Nfd7 5. Nce2 c5 6. c3 Nc6 7. Nf3 Be7 8. Nf4 Qa5 9. Bd2 Qb6 10. Qb3 cxd4 11. Qxb6 Nxb6 12. cxd4 Bd7 13. Bb5 a6 14. Bxc6 Bxc6 15. b3 Ba3 16. Ba5 Nd7 17. Kd2 b6 18. Bc3 a5 19. Nd3 Bb5 20. Bb2 Be7 21. a4 Ba6 22. Rhc1 Nb8 23. Ba3 Bxa3 24. Rxa3 Kd7 25. Ra2 Nc6 26. Raa1 h6 27. Ke3 Rhc8 28. Nfe1 Rc7 29. Rc2 Ne7 30. Rxc7+ Kxc7 31. Rc1+ Kd7 32. Nc2 Rc8 33. Na3 Nf5+ 34. Kd2 Nxd4 35. Rxc8 Kxc8 36. Kc3 Nc6 37. Nb5 Bxb5 38. axb5 Na7 0-1


[Site "https://www.chess.com"]

[Event "Titled Tuesday Blitz June 15 2021"]
[White "Mirzoev, Azer"]
[Black "Priyanka Nutakki"]
[WhiteFideId "13400304"]
[BlackFideId "25049615"]
[WhiteElo "2525"]
[BlackElo "1916"]
[Result "0-1"]
[Round "03"]
[TimeControl "180+1"]
[Date "2021.06.15"]
[WhiteClock "0:00:04"]
[BlackClock "0:00:36"]

1. d4 d5 2. Nf3 Nf6 3. Bf4 e6 4. e3 Bd6 5. Bg3 O-O 6. c4 c5 7. cxd5 exd5 8. dxc5 Bxc5 9. Nc3 Nc6 10. a3 Re8 11. Be2 d4 12. Na4 Bf8 13. exd4 Bg4 14. O-O Bxf3 15. Bxf3 Nxd4 16. Bxb7 Ne2+ 17. Kh1 Nxg3+ 18. hxg3 Rb8 19. Bf3 Qa5 20. b4 Qg5 21. Re1 Red8 22. Qc1 Qf5 23. Ra2 a5 24. Nc5 axb4 25. axb4 Rxb4 26. Na6 Rbd4 27. Kg1 h5 28. Qb1 Qg5 29. Nc7 h4 30. gxh4 Rxh4 31. g3 Rc4 32. Nb5 Rb4 33. Rb2 Qxb5 0-1


[Site "https://www.chess.com"]

[Event "Titled Tuesday Blitz June 15 2021"]
[White "Molina, Roberto Junio Brito"]
[Black "Jacobson, Brandon"]
[WhiteFideId "2109450"]
[BlackFideId "30901561"]
[WhiteElo "2402"]
[BlackElo "2362"]
[Result "0-1"]
[Round "03"]
[TimeControl "180+1"]
[Date "2021.06.15"]
[WhiteClock "0:00:59"]
[BlackClock "0:00:16"]

1. d4 Nf6 2. c4 c5 3. d5 g6 4. Nc3 Bg7 5. e4 d6 6. h3 O-O 7. Nf3 e6 8. Bd3 exd5 9. cxd5 Nbd7 10. O-O Re8 11. Re1 Ne5 12. Nxe5 Rxe5 13. Bf4 Nh5 14. Bxe5 Bxe5 15. Qf3 Qg5 16. Bf1 Nf4 17. h4 Qxh4 18. g3 Nh3+ 19. Bxh3 Qxh3 20. a4 Bg4 21. Qh1 Qxh1+ 22. Kxh1 Bf3+ 23. Kg1 g5 24. Rab1 Rf8 25. Nb5 f5 26. exf5 g4 27. Re3 Rxf5 28. b4 c4 29. Rc1 Bxd5 30. Nc7 Bf7 31. Re4 d5 32. Rxg4+ Kf8 33. Nb5 h5 34. Rh4 Bf6 35. Nd6 Bxh4 36. Nxf5 Bf6 37. Rd1 c3 38. Nd4 Bxd4 0-1


[Site "https://www.chess.com"]

[Event "Titled Tuesday Blitz June 15 2021"]
[White "Nakamura, Hikaru"]
[Black "Mickiewicz, Piotr"]
[WhiteFideId "2016192"]
[BlackFideId "1114891"]
[WhiteElo "2900"]
[BlackElo "2263"]
[Result "1-0"]
[Round "03"]
[TimeControl "180+1"]
[Date "2021.06.15"]
[WhiteClock "0:02:17"]
[BlackClock "0:00:25"]

1. Nf3 Nf6 2. b3 g6 3. Bb2 Bg7 4. d4 O-O 5. e3 d6 6. Be2 Nbd7 7. O-O e6 8. c4 a6 9. Nc3 c5 10. Qd2 Qc7 11. Rfd1 Re8 12. dxc5 dxc5 13. Ng5 Nf8 14. Nce4 Nxe4 15. Nxe4 Bd7 16. Nf6+ Bxf6 17. Bxf6 Bc6 18. Qd6 Qxd6 19. Rxd6 Nd7 20. Bc3 Kf8 21. Rad1 Ke7 22. Bf3 Red8 23. Bxc6 bxc6 24. Ba5 1-0


[Site "https://www.chess.com"]

[Event "Titled Tuesday Blitz June 15 2021"]
[White "Nestorovic, Nikola"]
[Black "Sychev, Klementy"]
[WhiteFideId "934526"]
[BlackFideId "4114060"]
[WhiteElo "2411"]
[BlackElo "2615"]
[Result "0-1"]
[Round "03"]
[TimeControl "180+1"]
[Date "2021.06.15"]
[WhiteClock "0:00:02"]
[BlackClock "0:00:37"]

1. e4 c5 2. Nf3 d6 3. d4 cxd4 4. Nxd4 Nf6 5. Nc3 g6 6. Be3 Bg7 7. f3 Nc6 8. Qd2 O-O 9. g4 Be6 10. Nxe6 fxe6 11. O-O-O Ne5 12. Be2 Qc8 13. Kb1 Nfd7 14. f4 Nc4 15. Bxc4 Qxc4 16. e5 Rad8 17. exd6 Nb6 18. dxe7 Rxd2 19. exf8=Q+ Kxf8 20. Bxd2 Qc6 21. Ne2 Na4 22. b3 Qc5 23. Rhe1 h6 24. c3 Nb6 25. Bc1 Nd5 26. Bb2 Kg8 27. Nd4 Nxc3+ 28. Bxc3 Qxc3 29. Re4 a5 30. h4 a4 31. bxa4 Qb4+ 32. Kc2 Qxa4+ 33. Kd3 Qxd1+ 0-1


[Site "https://www.chess.com"]

[Event "Titled Tuesday Blitz June 15 2021"]
[White "Nguyen, Ngoc Truong Son"]
[Black "Cruz, Jonathan"]
[WhiteFideId "12401110"]
[BlackFideId "3802124"]
[WhiteElo "2596"]
[BlackElo "2381"]
[Result "1-0"]
[Round "03"]
[TimeControl "180+1"]
[Date "2021.06.15"]
[WhiteClock "0:00:09"]
[BlackClock "0:00:02"]

1. e4 c6 2. d4 d5 3. Nc3 dxe4 4. Nxe4 Nf6 5. Nxf6+ exf6 6. c3 Bd6 7. Bd3 O-O 8. Qc2 Re8+ 9. Ne2 h6 10. Be3 Be6 11. h4 Qc7 12. O-O-O b5 13. g4 Qa5 14. a3 Bxg4 15. Rhg1 h5 16. Bf5 b4 17. Bxg4 bxa3 18. b4 a2 19. bxa5 a1=Q+ 20. Kd2 Qxa5 21. Bf5 Na6 22. Ra1 Qb6 23. Rgb1 Nb4 24. cxb4 Bxb4+ 25. Kd1 a5 26. Bd7 Re7 27. Qxc6 Qd8 28. Rxb4 Rxd7 29. Rc4 Rb8 30. Ng3 Qe7 31. Nf5 Qd8 32. Rac1 Kh7 33. Ke2 g6 34. Ng3 Qe7 35. Qe4 Qa3 36. Nxh5 Rb2+ 37. Kf1 Qd6 38. Ng3 Qa6 39. Kg2 a4 40. h5 f5 41. hxg6+ fxg6 42. Nxf5 gxf5 43. Qxf5+ Kg7 44. Qxd7+ 1-0


[Site "https://www.chess.com"]

[Event "Titled Tuesday Blitz June 15 2021"]
[White "Ozen, Bahadir"]
[Black "Stromboli, Ettore"]
[WhiteFideId "6337058"]
[BlackFideId "813761"]
[WhiteElo "2503"]
[BlackElo "2414"]
[Result "1-0"]
[Round "03"]
[TimeControl "180+1"]
[Date "2021.06.15"]
[WhiteClock "0:00:42"]
[BlackClock "0:00:13"]

1. c4 b6 2. d4 Bb7 3. Nc3 e6 4. a3 f5 5. Bf4 Nf6 6. e3 Be7 7. Nf3 O-O 8. Be2 d6 9. O-O Nbd7 10. Ng5 e5 11. Ne6 Qc8 12. Bg3 Rf7 13. c5 bxc5 14. dxc5 Nf8 15. Ng5 h6 16. Nxf7 Kxf7 17. cxd6 cxd6 18. Qb3+ Kg6 19. Rac1 Qb8 20. Rfd1 e4 21. h3 Bc6 22. Qxb8 Rxb8 23. b4 Ne6 24. Bxd6 Bxd6 25. Rxd6 Bd7 26. Nd5 1-0


[Site "https://www.chess.com"]

[Event "Titled Tuesday Blitz June 15 2021"]
[White "Pakleza, Zbigniew"]
[Black "Kalashian, David"]
[WhiteFideId "1119290"]
[BlackFideId "13302418"]
[WhiteElo "2526"]
[BlackElo "2490"]
[Result "1-0"]
[Round "03"]
[TimeControl "180+1"]
[Date "2021.06.15"]
[WhiteClock "0:00:07"]
[BlackClock "0:00:14"]

1. d4 Nf6 2. Nf3 e6 3. Bf4 b6 4. e3 Bb7 5. h3 Be7 6. Bd3 O-O 7. Nbd2 c5 8. c3 cxd4 9. cxd4 d6 10. O-O a6 11. Qe2 Re8 12. e4 Nbd7 13. Rad1 Nf8 14. Bh2 Ng6 15. Rfe1 b5 16. Bb1 Rc8 17. e5 dxe5 18. dxe5 Nd5 19. Ne4 Qb6 20. Nd6 Bxd6 21. exd6 Red8 22. Bxg6 hxg6 23. Ng5 Rxd6 24. Bxd6 Qxd6 25. Qg4 Qe7 26. Rc1 Rd8 27. Red1 Nf6 28. Rxd8+ Qxd8 29. Qf4 Nd5 30. Qh4 Nf6 31. Qg3 Nh5 32. Qe3 Nf6 33. Qa7 Nd5 34. h4 Nf4 35. Qxb7 Ne2+ 36. Kh2 Nxc1 37. Qxf7+ Kh8 38. Qxg6 Kg8 39. Qxe6+ Kh8 40. Nf7+ 1-0


[Site "https://www.chess.com"]